 Dungeon Crawl Stone Soup version 0.21.1-1-g345015f (webtiles) character file.

126 ninurtach the Magician (level 5, 0/37 HPs)
             Began as a Gnoll Wizard on May 18, 2018.
             Succumbed to an adder's poison
             ... on level 3 of the Dungeon.
             The game lasted 00:06:42 (3654 turns).

ninurtach the Magician (Gnoll Wizard)               Turns: 3654, Time: 00:06:43

Health: 0/37       AC:  3    Str:  9    XL:     5   Next: 9%
Magic:  5/14       EV: 14    Int: 22    God:
Gold:   142        SH:  0    Dex: 13    Spells: 13/18 levels left

rFire    . . .     SeeInvis .   e - -1 dagger (curse)
rCold    . . .     Gourm    .   (no shield)
rNeg     . . .     Faith    .   a - +0 robe
rPois    .         Spirit   .   b - +0 hat
rElec    .         Reflect  .   (no cloak)
rCorr    .         Harm     .   h - +0 pair of gloves
MR       .....                  (no boots)
Stlth    +++.......             (no amulet)
HPRegen  0.12/turn              (no ring)
MPRegen  0.14/turn              (no ring)

@: lethally poisoned (0 -> -4)
A: distributed training, fangs 1, strong nose
a: no special abilities


You were on level 3 of the Dungeon.
You were not hungry.

You visited 1 branch of the dungeon, and saw 3 of its levels.

You collected 142 gold pieces.

Inventory:

Hand Weapons
 e - a cursed -1 dagger (weapon)
 s - a +0 whip
Missiles
 q - 2 throwing nets (quivered)
Armour
 a - a +0 robe (worn)
 b - a +0 hat (worn)
 h - a +0 pair of gloves (worn)
Wands
 g - a wand of enslavement (7)
Scrolls
 f - a scroll of amnesia
 j - a scroll of teleportation {unknown}
 k - a scroll of enchant armour {unknown}
 m - a scroll of blinking {unknown}
 p - a scroll of enchant weapon {unknown}
Books
 c - a book of Minor Magic

   Spells                             Type                      Level
   a - Magic Dart                     Conjuration                  1
   b - Blink                          Translocation                2
   c - Call Imp                       Summoning                    2
   d - Slow                           Hexes                        2
   e - Conjure Flame                  Conjuration/Fire             3
   f - Mephitic Cloud                 Conjuration/Poison/Air       3
Comestibles
 d - 4 rations
 i - 2 chunks of flesh


   Skills:
 + Level 1.3 Fighting
 + Level 1.3 Short Blades
 + Level 1.3 Long Blades
 + Level 1.3 Axes
 + Level 1.3 Maces & Flails
 + Level 1.3 Polearms
 + Level 1.3 Staves
 + Level 1.3 Slings
 + Level 1.3 Bows
 + Level 1.3 Crossbows
 + Level 1.3 Throwing
 + Level 1.3 Armour
 + Level 4.7 Dodging
 + Level 4.3 Stealth
 + Level 1.3 Shields
 + Level 1.3 Unarmed Combat
 + Level 7.2 Spellcasting
 + Level 2.3 Conjurations
 + Level 1.0 Hexes
 + Level 1.0 Charms
 + Level 2.3 Summonings
 + Level 1.0 Necromancy
 + Level 2.3 Translocations
 + Level 1.0 Transmutations
 + Level 1.0 Fire Magic
 + Level 1.0 Ice Magic
 + Level 1.0 Air Magic
 + Level 1.0 Earth Magic
 + Level 1.0 Poison Magic
 + Level 1.4 Invocations
 + Level 1.3 Evocations


You had 13 spell levels left.
You knew the following spells:

 Your Spells              Type           Power        Failure   Level  Hunger
a - Magic Dart            Conj           ###.         3%          1    None
b - Blink                 Tloc           N/A          4%          2    None
c - Call Imp              Summ           ###.....     4%          2    None


Dungeon Overview and Level Annotations

Branches:
Dungeon (3/15)

Altars:
Hepliaklqana
Makhleb
Nemelex Xobeh
Ru


Innate Abilities, Weirdness & Mutations

Your experience applies equally to all skills.
You have very sharp teeth.
Your uncanny sense of smell can sniff out nearby items.


Message History

The adder closely misses you.
A goblin comes into view. It is wielding a club.
You feel sick.
You take 1 damage, and have 3/37 hp.
Your crimson imp blinks!
Your crimson imp hits the adder.
Something hits your crimson imp but does no damage.
The adder bites you but does no damage.
Your crimson imp misses the adder.
You feel sick.
You are no longer poisoned.
Something misses your crimson imp.
Your crimson imp blinks!
The adder bites you but does no damage.
You take 1 damage, and have 2/37 hp.
The adder bites you.
* * * LOW HITPOINT WARNING * * *
You are lethally poisoned!
The adder poisons you!
You take 1 damage, and have 1/37 hp.
You die...

.................#####.#
....................##.#
###..######.#....#####.#
#...........(.og.....#
##.#######.....#####.#
#. #.....# #.# #...SS#
#.# #...5.# #.#
##...@#####.####
#.....).......#####
#............(....#
#.#..#####.##.##### ∆
#....# #.##.# #....#
#.##.# #....# ####.#
#....# #.# ###.. #.#


You could see 2 adders, an orc, a goblin and a friendly crimson imp.

Vanquished Creatures
  An adder (D:2)
  A worm (D:2)
  A leopard gecko (D:1)
  2 orcs (D:3)
  A ball python (D:1)
  7 bats
  3 giant cockroaches
  2 goblins (D:1)
  6 hobgoblins
  2 jackals (D:2)
  2 quokkas (D:2)
  3 frilled lizards
  A jackal skeleton (D:3)
  8 kobolds
  2 rats
42 creatures vanquished.

Vanquished Creatures (collateral kills)
  The ghost of p0werm0de the Ducker, a weakling TeSk (D:3)
  4 gnolls (D:2)
  2 adders
  An orc (D:3)
  A hobgoblin (D:3)
  A quokka (D:3)
  2 frilled lizards
  A rat (D:1)
13 creatures vanquished.

Grand Total: 55 creatures vanquished

Notes
Turn   | Place    | Note
-------+----------+-------------------------------------------
     0 | D:1      | ninurtach the Gnoll Wizard began the quest for the Orb.
     0 | D:1      | Reached XP level 1. HP: 13/13 MP: 8/8
   241 | D:1      | Reached XP level 2. HP: 19/19 MP: 6/10
   703 | D:1      | Learned a level 2 spell: Blink
   706 | D:1      | Learned a level 2 spell: Call Imp
   762 | D:1      | Reached XP level 3. HP: 21/25 MP: 4/11
  1728 | D:2      | Reached skill level 1 in Invocations
  1732 | D:2      | Reached skill level 1 in Fighting
  1732 | D:2      | Reached skill level 1 in Short Blades
  1732 | D:2      | Reached skill level 1 in Long Blades
  1732 | D:2      | Reached skill level 1 in Axes
  1732 | D:2      | Reached skill level 1 in Maces & Flails
  1732 | D:2      | Reached skill level 1 in Polearms
  1732 | D:2      | Reached skill level 1 in Staves
  1732 | D:2      | Reached skill level 1 in Slings
  1732 | D:2      | Reached skill level 1 in Bows
  1732 | D:2      | Reached skill level 1 in Crossbows
  1732 | D:2      | Reached skill level 1 in Throwing
  1732 | D:2      | Reached skill level 1 in Armour
  1732 | D:2      | Reached skill level 1 in Shields
  1732 | D:2      | Reached skill level 1 in Unarmed Combat
  1732 | D:2      | Reached skill level 1 in Evocations
  1738 | D:2      | Reached XP level 4. HP: 32/32 MP: 0/13
  2010 | D:2      | Found a hazy altar of Hepliaklqana.
  2323 | D:2      | Found a burning altar of Makhleb.
  2323 | D:2      | Found a sparkling altar of Nemelex Xobeh.
  2960 | D:2      | Found a sacrificial altar of Ru.
  3209 | D:3      | Noticed p0werm0de's ghost (weakling TeSk)
  3224 | D:3      | Killed p0werm0de's ghost
  3224 | D:3      | Reached skill level 1 in Hexes
  3224 | D:3      | Reached skill level 1 in Charms
  3224 | D:3      | Reached skill level 1 in Necromancy
  3224 | D:3      | Reached skill level 1 in Transmutations
  3224 | D:3      | Reached skill level 1 in Fire Magic
  3224 | D:3      | Reached skill level 1 in Ice Magic
  3224 | D:3      | Reached skill level 1 in Air Magic
  3224 | D:3      | Reached skill level 1 in Earth Magic
  3224 | D:3      | Reached skill level 1 in Poison Magic
  3566 | D:3      | Reached XP level 5. HP: 25/37 MP: 5/14
  3653 | D:3      | HP: 1/37 [adder (2)]
  3654 | D:3      | Succumbed to an adder's poison

Skill      XL: |  1  2  3  4 |
---------------+-------------+-----
Conjurations   | 2 |  2.3
Summonings     | 2 |  2.3
Translocations | 2 |  2.3
Invocations    | 1 |  1.4
Fighting       | 1 |  1.3
Short Blades   | 1 |  1.3
Long Blades    | 1 |  1.3
Axes           | 1 |  1.3
Maces & Flails | 1 |  1.3
Polearms       | 1 |  1.3
Staves         | 1 |  1.3
Slings         | 1 |  1.3
Bows           | 1 |  1.3
Crossbows      | 1 |  1.3
Throwing       | 1 |  1.3
Armour         | 1 |  1.3
Shields        | 1 |  1.3
Unarmed Combat | 1 |  1.3
Evocations     | 1 |  1.3
Hexes          | 1 |  1.0
Charms         | 1 |  1.0
Necromancy     | 1 |  1.0
Transmutations | 1 |  1.0
Fire Magic     | 1 |  1.0
Ice Magic      | 1 |  1.0
Air Magic      | 1 |  1.0
Earth Magic    | 1 |  1.0
Poison Magic   | 1 |  1.0
Dodging        | |  4.7
Stealth        | |  4.3
Spellcasting   | |  7.2

Action                   |  1- 3 |  4- 6 || total
-------------------------+-------+-------++-------
Melee: Dagger            |    25 |    49 ||    74
       Bite              |     2 |     4 ||     6
 Cast: Magic Dart        |    45 |    40 ||    85
       Call Imp          |     3 |    12 ||    15
       Blink             |       |     3 ||     3
Evoke: Wand              |       |     2 ||     2
  Use: Potion            |       |     5 ||     5
       Scroll            |       |     3 ||     3
 Stab: Sleeping          |     1 |     1 ||     2
       Distracted        |       |     2 ||     2
  Eat: Chunk             |     2 |     6 ||     8
Armor: Robe              |     4 |    14 ||    18
Dodge: Dodged            |    20 |    53 ||    73
